AoeStats
← Honorius

Black Forest

508938305Analyzed
4v4 RM · 7d ago on Sep 24, 2026· 66m 13s· 8 players
Game mode
Random Map
Map size
Large (8 player)
Population
200
Speed
Normal
Resources
Standard
Victory
Conquest
Starting age
Dark Age
Ending age
Imperial Age
RankedLock teamsTeams togetherTeam positionsShared explorationLock speedFull tech treeHidden civsTurbo modeCheats
Victory
Defeat
🇬🇧 Bohemians · United Kingdom
765
+15
🇺🇸 Celts · United States
764
+15
🇦🇷 Persians · Argentina
733
+16
🇵🇪 Mongols · Peru
693
+18
🇹🇷 Byzantines · Türkiye
817
-20
🇹🇷 Koreans · Türkiye
772
-17
🇹🇷 Romans · Türkiye
762
-17
🇹🇷 Spanish · Türkiye
585
-16
HEAD__SHOT
1:02 Loom
1:11 Loom
12:22 Feudal Age
13:32 Wheelbarrow
12:46 Double-Bit Axe
12:54 Gold Mining
14:00 Horse Collar
22:46 Castle Age
21:18 Stone Mining
23:57 Hand Cart
24:01 Bow Saw
23:54 Heavy Plow
24:33 Stone Shaft Mining
24:33 Gold Shaft Mining
24:26 Caravan
25:07 Fervor
29:39 Gold Shaft Mining
33:30 Imperial Age
31:30 Crossbowman
32:16 Thumb Ring
33:06 Fletching
33:18 Padded Archer Armor
33:28 Scale Barding Armor
33:34 Forging
33:53 Bodkin Arrow
35:01 Chemistry
34:22 Ballistics
33:58 Murder Holes
35:33 Two-Man Saw
35:16 Kamandaran
36:30 Crop Rotation
37:05 Conscription
36:57 Citadels
37:27 Leather Archer Armor
37:22 Town Watch
38:22 Town Patrol
39:37 Hoardings
39:31 Husbandry
39:47 Bloodlines
40:42 Ring Archer Armor
42:40 Cavalier
44:45 Savar
45:40 Masonry
45:54 Chain Barding Armor
46:10 Iron Casting
50:52 Plate Barding Armor
51:18 Blast Furnace
50:16 Herbal Medicine
50:37 Block Printing
58:20 Elite War Elephant
kaiju
2:59 Loom
11:30 Feudal Age
16:04 Castle Age
14:04 Double-Bit Axe
14:46 Horse Collar
18:13 Bow Saw
18:07 Heavy Plow
21:15 Gold Mining
22:37 Stone Mining
25:41 Wheelbarrow
25:53 Gold Shaft Mining
25:54 Stone Shaft Mining
26:29 Pikeman
30:49 Imperial Age
28:06 Fishing Lines
29:04 Hand Cart
28:35 Town Watch
29:23 Scale Barding Armor
30:06 Caravan
30:19 Town Patrol
30:31 Forging
30:25 Scale Mail Armor
32:40 Furor Celtica
33:28 Conscription
34:02 Gillnets
33:53 Onager
35:26 Iron Casting
36:11 Halberdier
38:33 Siege Onager
55:17 Blast Furnace
54:33 Chain Mail Armor
57:51 Plate Mail Armor
65:58 Arson
Honorius
0:36 Loom
13:07 Feudal Age
13:40 Double-Bit Axe
13:38 Horse Collar
20:58 Castle Age
21:59 Bow Saw
23:50 Wheelbarrow
24:33 Fervor
25:20 Hand Cart
26:57 Heavy Plow
35:16 Imperial Age
35:09 Caravan
35:27 Pikeman
37:12 Chemistry
36:19 Siege Engineers
37:00 Halberdier
40:16 Two-Man Saw
40:08 Conscription
40:18 Scale Mail Armor
40:28 Forging
41:43 Wagenburg Tactics
40:59 Elite Hussite Wagon
42:29 Houfnice
44:43 Iron Casting
44:23 Chain Mail Armor
45:18 Ballistics
48:46 Arson
49:01 Squires
56:30 Scale Barding Armor
56:56 Plate Mail Armor
57:27 Blast Furnace
RavenSael
1:01 Loom
13:02 Feudal Age
13:31 Double-Bit Axe
16:58 Horse Collar
21:53 Castle Age
20:59 Fletching
21:09 Padded Archer Armor
23:41 Bow Saw
24:13 Heavy Plow
26:30 Gold Mining
26:36 Town Watch
31:31 Imperial Age
31:09 Fortified Wall
32:06 Town Watch
32:57 Wheelbarrow
36:34 Gold Shaft Mining
35:50 Stone Mining
36:00 Stone Mining
39:11 Bloodlines
39:09 Heavy Camel Rider
40:38 Husbandry
39:59 Cavalier
40:47 Scale Mail Armor
41:12 Forging
41:08 Scale Barding Armor
41:00 Bodkin Arrow
44:23 Iron Casting
44:08 Chain Barding Armor
44:05 Chain Mail Armor
43:35 Elite Skirmisher
43:59 Light Cavalry
44:05 Pikeman
50:04 Nomads
54:18 Hand Cart
56:28 Hussar
62:24 Squires
64:09 Arson
***ZARBO***
0:28 Loom
12:30 Feudal Age
12:57 Town Watch
13:05 Double-Bit Axe
13:08 Horse Collar
14:55 Fishing Lines
18:27 Wheelbarrow
23:12 Castle Age
25:00 Town Patrol
26:03 Bow Saw
26:36 Caravan
27:23 Coinage
26:52 Gillnets
29:07 Husbandry
29:17 Bloodlines
28:29 Light Cavalry
29:12 Heavy Plow
29:05 Gold Mining
29:14 Stone Mining
30:25 Hand Cart
30:41 Squires
30:02 Pikeman
31:20 Gold Shaft Mining
35:11 Imperial Age
33:19 Masonry
36:57 Chemistry
36:38 Siege Engineers
37:05 Architecture
37:39 Banking
37:19 Guilds
40:29 Comitatenses
40:17 Ballistas
40:37 Conscription
40:16 Cavalier
40:52 Halberdier
42:00 Heavy Scorpion
47:33 Crop Rotation
47:59 Scale Mail Armor
48:20 Scale Barding Armor
48:26 Forging
48:06 Fletching
48:16 Padded Archer Armor
48:07 Fletching
50:06 Chain Mail Armor
50:12 Chain Barding Armor
50:47 Ballistics
51:07 Elite Centurion
52:28 Iron Casting
55:31 Bodkin Arrow
56:00 Heavy Scorpion
cekicphysics
1:57 Loom
13:29 Feudal Age
14:31 Double-Bit Axe
14:49 Fishing Lines
19:34 Castle Age
18:10 Horse Collar
19:09 Gold Mining
19:12 Stone Mining
21:25 Gillnets
28:22 Bow Saw
29:59 Wheelbarrow
32:03 Hand Cart
35:10 Imperial Age
33:18 Ballistics
32:49 Heated Shot
32:40 Treadmill Crane
32:56 Murder Holes
34:06 Sanctity
33:57 Fervor
34:52 Heavy Plow
34:56 Caravan
35:21 Fletching
35:42 Forging
35:32 Scale Mail Armor
35:38 Scale Barding Armor
35:45 Masonry
35:46 Fortified Wall
35:47 Clinker Construction
35:48 Careening
36:13 Guilds
36:34 Coinage
38:48 Chemistry
38:19 Architecture
38:49 Gold Shaft Mining
38:50 Stone Shaft Mining
38:11 Town Watch
39:05 Banking
38:58 Chain Barding Armor
38:54 Chain Mail Armor
39:15 Iron Casting
38:40 Bodkin Arrow
38:52 Siege Engineers
38:33 Arrowslits
40:21 Two-Man Saw
39:35 Bracer
40:57 Conscription
40:58 Shinkichon
41:40 Plate Mail Armor
41:22 Eupseong
43:45 Elite War Wagon
44:31 Elite Fire Lancer
48:18 Elite Skirmisher
bolat
14:53 Feudal Age
15:19 Horse Collar
15:28 Double-Bit Axe
15:38 Gold Mining
15:51 Stone Mining
21:34 Castle Age
22:19 Heavy Plow
22:58 Stone Shaft Mining
23:06 Bow Saw
25:20 Wheelbarrow
25:47 Scale Barding Armor
25:43 Scale Mail Armor
25:44 Padded Archer Armor
25:35 Fletching
25:55 Forging
31:29 Ballistics
31:02 Guard Tower
31:22 Fortified Wall
31:08 Murder Holes
31:24 Masonry
31:58 Caravan
34:06 Chain Barding Armor
34:02 Chain Mail Armor
34:02 Leather Archer Armor
37:12 Coinage
40:52 Imperial Age
42:43 Two-Man Saw
43:55 Elite Conquistador
44:37 Inquisition
57:25 Onager
ScorpioN
0:36 Loom
11:52 Feudal Age
13:25 Wheelbarrow
12:48 Double-Bit Axe
12:45 Fishing Lines
13:18 Gold Mining
14:33 Horse Collar
21:03 Castle Age
19:46 Stone Mining
21:50 Heavy Plow
22:04 Bow Saw
23:13 Stone Shaft Mining
23:15 Gold Shaft Mining
22:56 Husbandry
23:42 Hand Cart
25:02 Murder Holes
25:24 Gillnets
26:46 Ballistics
27:40 Scale Barding Armor
29:08 Caravan
29:37 Treadmill Crane
32:01 Sanctity
31:55 Redemption
31:50 Devotion
32:03 Fervor
32:13 Fortified Wall
33:54 Squires
33:15 Pikeman
35:04 Chain Barding Armor
34:45 Padded Archer Armor
34:47 Scale Mail Armor
34:38 Fletching
37:25 Imperial Age
35:11 Elite Skirmisher
38:27 Logistica
38:16 Elite Varangian Guard
39:04 Cavalier
41:12 Chemistry
41:08 Halberdier
42:29 Elite Cataphract
Connection lost

Rejoining the realm…

Still unreachable

The connection could not be restored.

Session expired

The server has moved on; the page needs a fresh start.